 Dungeon Crawl Stone Soup version 0.28-a0-1594-ga885d4b3d6 (webtiles) character file.

Game seed: 13429344958882539941

109 wakim the Gusty (level 4, 0/24 HPs)
             Began as a Tengu Air Elementalist on Jan 20, 2022.
             Slain by a centaur skeleton (2 damage)
             ... on level 3 of the Dungeon.
             The game lasted 00:10:30 (2967 turns).

wakim the Gusty (Tengu Air Elementalist)            Turns: 2967, Time: 00:10:31

Health: 0/24       AC:  2    Str:  8    XL:     4   Next: 90%
Magic:  4/8        EV: 12    Int: 18    God:
Gold:   83         SH:  0    Dex: 14    Spells: 4/7 levels left

rFire   . . .      SeeInvis .   a - +1 dagger (elec)
rCold   . . .      Faith    .   (no shield)
rNeg    . . .      Spirit   .   S - +0 robe
rPois   .          Reflect  .   (helmet restricted)
rElec   .          Harm     .   (no cloak)
rCorr   .          Rampage  .   (no gloves)
Will    .....                   (boots unavailable)
Stlth   ++........              (no amulet)
HPRegen 0.08/turn               (no ring)
MPRegen 0.11/turn               (no ring)

@: no status effects
A: beak, talons 3
a: no special abilities


You were on level 3 of the Dungeon.
You visited 1 branch of the dungeon, and saw 3 of its levels.

You collected 83 gold pieces.

Inventory:

Hand Weapons
 a - a +1 dagger of electrocution (weapon)
Armour
 S - a +0 robe (worn)
Jewellery
 W - a ring of fire
Scrolls
 R - a scroll of magic mapping {!r}
 T - a scroll of teleportation
 U - a scroll of fear
Potions
 e - a potion of curing {unknown}
 J - a potion of heal wounds
 N - a potion of might
 V - a potion of haste {unknown}


   Skills:
 - Level 2.1 Dodging
 - Level 2.0 Stealth
 - Level 2.0 Spellcasting
 + Level 4.3 Conjurations
 + Level 5.8 Air Magic


You had 4 spell levels left.
You knew the following spells:

 Your Spells              Type           Power      Damage    Failure   Level
a - Shock                 Conj/Air       80%        1d8       2%          1
d - Static Discharge      Conj/Air       20%        N/A       3%          2

Your spell library contained the following spells:

 Spells                   Type           Power      Damage    Failure   Level
 Magic Dart               Conj           68%        1d6       3%          1
 Swiftness                Air            22%        N/A       4%          3
 Mephitic Cloud           Conj/Pois/Air  13%        N/A       14%         3
 Airstrike                Air            11%        N/A       16%         4
 Call Imp                 Summ           1%         N/A       26%         2
 Ensorcelled Hibernation  Hex/Ice        2%         N/A       26%         2
 Passwall                 Tmut/Erth      0%         N/A       26%         2


Dungeon Overview and Level Annotations

Branches:
Dungeon (3/15)

Altars:


Innate Abilities, Weirdness & Mutations

You have a beak for a mouth.
You have claws for feet.


Message History

You kill the goblin!
Things that are here:
a +0 dagger; a goblin corpse A kobold comes into view.
It is wielding a +0 club.
The kobold shouts!
A centaur skeleton comes into view.
The kobold hits you with a +0 club.
You hit the kobold.
You kill the kobold!
The centaur skeleton hits you.
The centaur skeleton kicks you but does no damage.
You see here a +0 club.
Casting: Shock (safe; 2% risk of failure)
Confirm with . or Enter, or press ? or * to list all spells.
The centaur skeleton is struck by an arc of lightning!
The centaur skeleton is moderately damaged.
You are struck by an arc of lightning.
The lightning grounds out.
The centaur skeleton hits you.
* * * LOW HITPOINT WARNING * * *
The centaur skeleton closely misses you.
The centaur skeleton hits you.
* * * LOW HITPOINT WARNING * * *
The centaur skeleton barely misses you. The centaur skeleton hits you.
* * * LOW HITPOINT WARNING * * *
The centaur skeleton kicks you.
* * * LOW HITPOINT WARNING * * *
Casting: Static Discharge (safe; 3% risk of failure)
Confirm with . or Enter, or press ? or * to list all spells.
The centaur skeleton is struck by an arc of lightning!
The centaur skeleton is heavily damaged.
The lightning grounds out.
The centaur skeleton hits you.
* * * LOW HITPOINT WARNING * * *
The centaur skeleton kicks you.
* * * LOW HITPOINT WARNING * * *
Casting: Static Discharge (safe; 3% risk of failure)
Confirm with . or Enter, or press ? or * to list all spells.
Okay, then.
The centaur skeleton hits you.
You die...

.# #........# .# #####
#........# .####...#
#........## ....#...#
###)...# †##.#...#
#......#
)##.....#######.#.#####
........+.............+
####....###...#.Z.....#
#..#.........@.....#
###.#.###...........#
#.......#...........#
#.#...#.#.....).....#
..#...#.####..#######
#.....<#.......#
#..#........##.#
#..###..#...##'#### ..
##.#.........#


You could see a centaur skeleton.

Vanquished Creatures
  3 gnolls (D:2)
  3 adders (D:2)
  A worm (D:2)
  A dart slug (D:2)
  6 bats
  5 endoplasms
  A giant cockroach (D:2)
  5 goblins
  7 hobgoblins
  2 quokkas
  2 ball pythons
  2 frilled lizards (D:2)
  5 kobolds
  2 rats (D:2)
45 creatures vanquished.

Notes
Turn   | Place    | Note
-------+----------+-------------------------------------------
     0 | D:1      | wakim the Tengu Air Elementalist began the quest for the
                  | Orb.
     0 | D:1      | Reached XP level 1. HP: 10/10 MP: 4/4
   484 | D:1      | Reached XP level 2. HP: 15/15 MP: 3/6
   618 | D:1      | Learned a level 2 spell: Static Discharge
  1063 | D:1      | Found a faded altar of an unknown god.
  1283 | D:2      | Reached XP level 3. HP: 13/19 MP: 2/7
  1591 | D:2      | Reached skill level 5 in Air Magic
  1839 | D:2      | Reached XP level 4. HP: 24/24 MP: 5/8
  2967 | D:3      | Slain by a centaur skeleton

Illustrated notes

Levels and vault maps discovered:
D:1:      scummos_arrival_hexagon, layout_basic, basic_ecumenical_altar
D:2:      layout_loops_ring, minmay_heptomino_l4
D:3:      lemuel_castle_with_subvaults [lemuel_castle_interior_original],
          layout_basic, uniq_crazy_yiuf_cottage

Skill      XL: |  1  2  3  4 |
---------------+-------------+-----
Conjurations   | 2 3 4 |  4.3
Air Magic      | 5 |  5.8
Dodging        | |  2.1
Stealth        | |  2.0
Spellcasting   | |  2.0

Action                   |  1- 3 |  4- 6 || total
-------------------------+-------+-------++-------
Melee: Dagger            |     2 |     7 ||     9
       Kick              |       |     1 ||     1
 Cast: Shock             |    38 |    16 ||    54
       Static Discharge  |     3 |    12 ||    15
  Use: Scroll            |     6 |     1 ||     7
Armor: Robe              |     7 |     4 ||    11
Dodge: Dodged            |    18 |    22 ||    40

Table legend: (Time is in decaauts)
 A = Elapsed time spent in this place.
 B = Non-inter-level travel time spent in this place.
 C = Inter-level travel time spent in this place.
 D = Time resting spent in this place.
 E = Time spent auto-exploring this place.
 F = Levels seen in this place.
 G = Mean time per level.
                   A        B        C        D        E       F      G
               +--------+--------+--------+--------+--------+-----+--------+
         Total |   2965 |   2876 |     89 |    337 |   1917 |   3 |  988.3 |
       Dungeon |   2965 |   2876 |     89 |    337 |   1917 |   3 |  988.3 |
               +--------+--------+--------+--------+--------+-----+--------+

Top non-repeatable levels by time:
     D:2: 1551 daAuts
     D:1: 1127 daAuts
     D:3: 286 daAuts
